AoeStats
← felfel_me7shi

Nomad

509945156Analyzed
2v2 RM · 2d ago on Sep 28, 2026· 66m 36s· 4 players
Game mode
Random Map
Map size
176×176
Population
200
Speed
Normal
Resources
Standard
Victory
Conquest
Starting age
Dark Age
Ending age
Imperial Age
RankedLock teamsTeams togetherTeam positionsShared explorationLock speedFull tech treeHidden civsTurbo modeCheats
Victory
Defeat
🇪🇪 Tupi · Estonia
1193
+15
🇪🇪 Huns · Estonia
1146
+17
🇫🇷 Saxons · France
1164
-16
🇨🇦 Varangians · Canada
1164
-16
felfel_me7shi
7:22 Loom
14:58 Feudal Age
15:36 Double-Bit Axe
23:52 Castle Age
23:55 Scale Mail Armor
24:53 Bow Saw
39:10 Chain Mail Armor
39:22 Squires
42:52 Wheelbarrow
42:14 Arson
42:45 Forging
48:18 Horse Collar
48:07 Pikeman
50:39 Heavy Plow
58:34 Iron Casting
58:54 Hand Cart
66:56 Imperial Age
Linoseros
5:07 Loom
12:47 Feudal Age
13:20 Double-Bit Axe
18:36 Castle Age
17:03 Fishing Lines
17:35 Forging
18:41 Scale Barding Armor
19:11 Bloodlines
20:05 Husbandry
20:34 Horse Collar
23:43 Squires
24:04 Scale Mail Armor
27:06 Arson
28:26 Iron Casting
30:47 Fletching
33:01 Pikeman
39:28 Light Cavalry
43:02 Wheelbarrow
50:58 Heavy Plow
52:18 Chain Barding Armor
58:02 Chain Mail Armor
AoEE.Karhanin
8:40 Loom
14:16 Feudal Age
14:51 Double-Bit Axe
15:44 Gold Mining
21:18 Castle Age
19:15 Fishing Lines
23:07 Medium Warships
23:40 Gillnets
24:06 Fletching
26:41 Bow Saw
27:14 Bodkin Arrow
28:12 Padded Archer Armor
33:22 Wheelbarrow
39:57 Ballistics
43:19 Imperial Age
44:18 Bracer
45:23 Conscription
49:48 Chemistry
50:28 Elite Blackwood Archer
51:42 Padded Archer Armor
MJATEZHNIK.Bobihnoo
5:27 Loom
14:31 Feudal Age
18:44 Castle Age
17:23 Scale Barding Armor
17:10 Double-Bit Axe
19:13 Forging
19:28 Husbandry
25:12 Bloodlines
25:31 Husbandry
32:23 Wheelbarrow
38:08 Thumb Ring
38:32 Fishing Lines
43:10 Pikeman
51:39 Horse Collar
52:42 Man-at-Arms
53:23 Squires
57:39 Heavy Plow
60:00 Iron Casting
60:38 Man-at-Arms
61:28 Long Swordsman
69:31 Imperial Age
Connection lost

Rejoining the realm…

Still unreachable

The connection could not be restored.

Session expired

The server has moved on; the page needs a fresh start.